 Dungeon Crawl Stone Soup version 0.25-a0-1113-g0499d652a8 (webtiles) character file.

Game seed: 14884907556927241228, levelgen mode: classic

8575 Amnesiac the Fighter (level 11, -7/127 HPs)
             Began as an Ogre Wizard on May 17, 2020.
             Was an Elder of Wu Jian.
             Mangled by an ogre
             ... wielding a +0 giant spiked club
              (31 damage)
             ... on level 10 of the Dungeon.
             The game lasted 00:29:05 (9611 turns).

Amnesiac the Fighter (Ogre Wizard)                  Turns: 9611, Time: 00:29:06

Health: -7/127     AC:  9    Str: 13    XL:     11   Next: 33%
Magic:  18/18      EV: 10    Int: 23    God:    Wu Jian [****..]
Gold:   2872       SH:  0    Dex: 13    Spells: 3/20 levels left

rFire    + + .     SeeInvis +   C - +7 great mace "Firestarter" {inner flame, rF++}
rCold    . . .     Gourm    .   (shield currently unavailable)
rNeg     . . .     Faith    .   h - +2 robe {Archmagi}
rPois    +         Spirit   .   m - +2 hat
rElec    .         Reflect  .   r - +1 cloak "Qomele" {Int+3 Dex+4}
rCorr    .         Harm     .   (gloves unavailable)
MR       +....                  (boots unavailable)
Stlth    ++........             x - amulet of the acrobat
HPRegen  0.31/turn              c - ring of poison resistance
MPRegen  0.16/turn              n - ring of see invisible

@: studying Fighting
A: large, unfitting armour, tough skin 1
a: Wall Jump, Serpent's Lash, Renounce Religion


You were on level 10 of the Dungeon.
You worshipped Wu Jian.
Wu Jian was greatly pleased with you.
You were not hungry.

You visited 2 branches of the dungeon, and saw 13 of its levels.
You also visited: Sewer and Bailey.

You collected 2917 gold pieces.
You spent 45 gold pieces at shops.

Inventory:

Hand Weapons
 a - a +3 giant club
 b - a +0 dire flail
 C - the +7 great mace "Firestarter" (weapon) {inner flame, rF++}
   (You took it off a hobgoblin in a bailey)

   It has been specially enchanted to burn those struck by it, causing extra
   injury to most foes and up to half again as much damage against particularly
   susceptible opponents.
   It greatly protects you from fire.
Armour
 h - a +2 robe of the Archmagi (worn)
 m - a +2 hat (worn)
 r - the +1 cloak "Qomele" (worn) {Int+3 Dex+4}
   (You found it on level 4 of the Dungeon)

   It affects your intelligence (+3).
   It affects your dexterity (+4).
 u - a +0 troll leather armour
 F - the +2 shield of Resistance {rF+ rC+ MR+}
   (You acquired it in a bailey)

   It protects you from fire.
   It protects you from cold.
   It affects your resistance to hostile enchantments.
 K - the cursed +0 robe of Cuityug {Str+3, unknown}
   (You found it on level 10 of the Dungeon)

   It affects your strength (+3).
   It has a curse placed upon it.
Jewellery
 c - a ring of poison resistance (left hand)
 n - a ring of see invisible (right hand)
 x - an amulet of the acrobat (around neck)
 I - a +6 ring of intelligence
Wands
 y - a wand of enslavement (20)
 A - a wand of digging (4)
 H - a wand of polymorph (8)
 J - a wand of acid (12)
Scrolls
 e - 6 scrolls of remove curse {!r}
 g - a scroll of blinking {!r}
 j - 4 scrolls of enchant armour {!r}
 k - 9 scrolls of teleportation {!r}
 t - 2 scrolls of magic mapping {!r}
 w - 2 scrolls of fog {!r}
 z - a scroll of immolation {!r}
 E - a scroll of silence {!r}
 G - a scroll of identify {!r}
Potions
 f - 4 potions of might {!q}
 i - 3 potions of brilliance {!q}
 l - 4 potions of curing {!q}
 o - a potion of flight {!q}
 p - a potion of magic {!q}
 q - a potion of mutation {!q}
 s - a potion of haste {!q}
 v - 2 potions of heal wounds {!q}
 B - 3 potions of stabbing {!q}
Books
 D - a manual of Fighting
Comestibles
 d - 24 rations


   Skills:
 + Level 13.1 Fighting
 * Level 11.1 Maces & Flails
 - Level 1.7 Dodging
 - Level 2.0 Stealth
 - Level 5.0 Spellcasting
 - Level 5.0 Conjurations
 - Level 0.8 Summonings
 - Level 0.8 Translocations
 - Level 5.0 Ice Magic


You had 3 spell levels left.
You knew the following spells:

 Your Spells              Type           Power        Failure   Level  Hunger
a - Magic Dart            Conj           ####         1%          1    None
b - Call Imp              Summ           ##......     10%         2    None
c - Frozen Ramparts       Ice            #####.       3%          3    ##.....
e - Mephitic Cloud        Conj/Pois/Air  ###.....     14%         3    ##.....
s - Conjure Flame         Conj/Fire      ####....     10%         3    ##.....
v - Blink                 Tloc           N/A          10%         2    None
z - Ozocubu's Armour      Chrm/Ice       ####....     10%         3    ##.....

Your spell library contained the following spells:

 Spells                   Type           Power        Failure   Level  Hunger
 Freeze                   Ice            ####         1%          1    None
 Slow                     Hex            #.......     14%         2    None
 Hailstorm                Conj/Ice       #####...     12%         4    ####...
 Summon Ice Beast         Ice/Summ       ####....     28%         4    ####...


Dungeon Overview and Level Annotations

Branches:
Dungeon (12/15)            Temple (1/1) D:5           Sewer (visited)
 Bailey (visited)
   Lair: D:8-11         Orc: D:9-12

Altars:
Ashenzari
Cheibriados
Dithmenos
Elyvilon
Fedhas
Gozag
Hepliaklqana
Kikubaaqudgha
Makhleb
Nemelex Xobeh
Okawaru
Qazlal
Ru
Sif Muna
Trog
Uskayaw
Wu Jian
Xom
Yredelemnul
Zin
The Shining One

Shops:
D:7 ?}:}


Innate Abilities, Weirdness & Mutations

You are too large for most types of armour.
You have tough skin. (AC +1)


Message History

You bludgeon Fannar!! You burn Fannar.
Fannar explodes!
The fiery explosion engulfs the worker ant zombie!!!
You destroy the worker ant zombie!
The Council accepts your kill. The fiery explosion engulfs you. You resist.
* * * LOW HITPOINT WARNING * * *
The Council accepts your kill.
Your Fighting skill increases to level 13!
Your Maces & Flails skill increases to level 11!
You start resting.
Your magical contamination has completely faded away.
An ice beast comes into view. x2
Found a stone staircase leading up.
Things that are here:
an uncursed staff of cold; a +2 robe of cold resistance What are your orders? t - Shout!
Orders for allies: a - Attack new target. r - Retreat! s - Stop attacking. g - Guard the area. f - Follow me.
Anything else - Cancel.
Guard this area!
You hear the faint crackling of a melting archway nearby.
There is a stone staircase leading up here.
You climb upwards.
A worker ant and a scorpion come into view.
Found a heavy robe and a runed falchion.
There is a stone staircase leading down here.
You closely miss the worker ant. The worker ant barely misses you.
You sock the worker ant! You burn the worker ant.
The worker ant is filled with an inner flame.
The worker ant is heavily wounded.
The worker ant bites you but does no damage.
The worker ant closely misses you.
You thump the worker ant! You burn the worker ant.
The worker ant explodes!
The fiery explosion engulfs you! You resist.
* * * LOW HITPOINT WARNING * * *
The fiery explosion engulfs the scorpion!
The scorpion is almost dead.
The Council accepts your kill.
You hear a croak.
The scorpion is engulfed in blazing flames.
You kill the scorpion!
The Council accepts your kill.
K - a heavy robe A bullfrog comes into view.
There is a stone staircase leading down here.
An ogre comes into view. It is wielding a +0 giant spiked club.
The bullfrog croaks.
The bullfrog closely misses you.
You hit the bullfrog but do no damage.
The bullfrog hits you but does no damage. x2
You miss the bullfrog. The bullfrog hits you.
* * * LOW HITPOINT WARNING * * *
You bludgeon the bullfrog!! You burn the bullfrog.
You kill the bullfrog!
The Council accepts your kill.
You spin and attack the ogre.
You bludgeon the ogre!! You burn the ogre.
The ogre is filled with an inner flame.
The ogre is almost dead.
The ogre hits you with a +0 giant spiked club!!
You die...

#.# #.# #.# # #.#
#.#####.#############
.....................
#....................
#....................
#.........>..@.......
#............O.......
#...............)....
#..........°.........
#....................
#.#######.##########.
#. #.# #.# #.#


You could see an ogre (inner flame).

Vanquished Creatures
  Harold (D:8)
  Fannar (D:11)
  A two-headed ogre (D:9)
  An orc sorcerer (Bailey)
  Maggie (D:8)
  A kobold demonologist (Bailey)
  A troll (D:7)
  Grinder (D:3)
  A human (D:7)
  4 hogs (D:7)
  Duvessa (D:6)
  3 sky beasts
  2 ice beasts (D:7)
  10 orc warriors
  A black bear (D:7)
  2 ogres (D:8)
  4 centaurs
  9 bullfrogs
  3 gnoll sergeants
  A big kobold (D:7)
  Blork the orc (D:5)
  A wyvern zombie (D:9)
  Dowan (D:6)
  A scorpion (D:10)
  A howler monkey (D:6)
  3 wights
  5 electric eels (Bailey)
  4 crimson imps
  A centaur zombie (D:5)
  A bullfrog zombie (D:6)
  2 orc priests
  2 hounds (D:7)
  A jelly (D:7)
  4 orc wizards
  Crazy Yiuf (D:4)
  A centaur skeleton (D:5)
  2 iguanas
  5 worker ants
  A hound zombie (D:7)
  A hound skeleton (D:4)
  A mummy (D:4)
  2 worker ant zombies
  11 gnolls
  2 river rats (Sewer)
  18 adders
  3 shadow imps
  3 oozes
  2 adder skeletons (D:4)
  5 worms
  3 dart slugs
  2 leopard geckos
  31 orcs
  10 bats
  2 giant cockroaches
  23 goblins
  11 hobgoblins
  5 jackals
  12 kobolds
  7 quokkas
  3 ball pythons (Sewer)
  2 frilled lizards
  9 rats
255 creatures vanquished.

Vanquished Creatures (collateral kills)
  An ogre (D:4)
  A worm (D:2)
  A leopard gecko (D:3)
  2 hobgoblins
  2 bats (D:1)
  A kobold (D:1)
  A rat (D:3)
9 creatures vanquished.

Grand Total: 264 creatures vanquished

Notes
Turn   | Place    | Note
-------+----------+-------------------------------------------
     0 | D:1      | Amnesiac the Ogre Wizard began the quest for the Orb.
     0 | D:1      | Reached XP level 1. HP: 16/16 MP: 5/5
    11 | D:1      | Reached skill level 1 in Conjurations
   188 | D:1      | Reached XP level 2. HP: 24/24 MP: 1/6
   192 | D:1      | Learned a level 2 spell: Blink
   195 | D:1      | Learned a level 2 spell: Call Imp
   677 | D:2      | Reached XP level 3. HP: 30/31 MP: 1/8
   747 | D:2      | Found a shattered altar of Ashenzari.
   844 | D:4      | Noticed an ogre
   905 | D:4      | Killed an ogre
   905 | D:4      | Reached XP level 4. HP: 19/39 MP: 0/10
  1071 | D:3      | Found a glowing drain.
  1075 | Sewer    | Entered a sewer
  1190 | Sewer    | Reached XP level 5. HP: 29/46 MP: 4/11
  1196 | Sewer    | Learned a level 3 spell: Mephitic Cloud
  1200 | Sewer    | Learned a level 3 spell: Conjure Flame
  1330 | Sewer    | Reached skill level 1 in Maces & Flails
  1430 | Sewer    | Reached skill level 1 in Fighting
  1712 | D:4      | Reached XP level 6. HP: 8/55 MP: 6/13
  1755 | D:4      | You fall into a shaft and drop 2 floors!
  1946 | D:6      | Noticed Duvessa
  1969 | D:6      | Reached skill level 2 in Fighting
  1974 | D:6      | Noticed Dowan
  1978 | D:6      | Killed Duvessa
  1984 | D:6      | Killed Dowan
  1984 | D:6      | Reached skill level 5 in Spellcasting
  1984 | D:6      | Reached XP level 7. HP: 17/66 MP: 1/14
  2294 | D:5      | Entered Level 5 of the Dungeon
  2307 | D:5      | Noticed Blork the orc
  2319 | D:5      | Killed Blork the orc
  2319 | D:5      | Reached skill level 3 in Fighting
  2621 | D:4      | Found an iron altar of Okawaru.
  2820 | D:4      | Got a steaming cloak
  2952 | D:4      | Found a runed translucent door.
  2953 | D:4      | Noticed Crazy Yiuf
  2970 | D:4      | Killed Crazy Yiuf
  2978 | D:4      | Identified the +1 cloak "Qomele" {Int+3 Dex+4} (You found
                  | it on level 4 of the Dungeon)
  3328 | D:3      | Noticed Grinder
  3330 | D:3      | Found a hide-covered altar of Uskayaw.
  3333 | D:3      | Paralysed by Grinder for 3 turns
  3362 | D:3      | Killed Grinder
  3362 | D:3      | Reached skill level 4 in Fighting
  3362 | D:3      | Reached skill level 5 in Conjurations
  3362 | D:3      | Reached XP level 8. HP: 28/78 MP: 15/15
  4235 | D:2      | Learned a level 1 spell: Magic Dart
  4839 | D:5      | Learned a level 3 spell: Frozen Ramparts
  4843 | D:5      | Learned a level 3 spell: Ozocubu's Armour
  4866 | D:5      | Found a staircase to the Ecumenical Temple.
  4880 | Temple   | Entered the Ecumenical Temple
  4888 | Temple   | Became a worshipper of the Wu Jian Council
  4929 | D:5      | Reached skill level 5 in Maces & Flails
  4942 | D:5      | Reached skill level 1 in Ice Magic
  5447 | D:6      | Reached skill level 5 in Fighting
  5806 | D:7      | Noticed a troll
  5820 | D:7      | Killed a troll
  5820 | D:7      | Reached skill level 6 in Fighting
  5820 | D:7      | Reached XP level 9. HP: 43/89 MP: 5/16
  5822 | D:7      | Reached * piety under Wu Jian
  6244 | D:7      | Found Nuynledut's Book Boutique.
  6354 | D:7      | Reached skill level 7 in Fighting
  6529 | D:7      | Found Teastre's Gadget Shop.
  6581 | D:7      | Reached ** piety under Wu Jian
  6632 | D:7      | Found Facel's Gadget Emporium.
  6729 | D:7      | Reached skill level 8 in Fighting
  6937 | D:7      | Found Jodoar's Magic Scroll Shop.
  6942 | D:7      | Bought a scroll of immolation for 45 gold pieces
  6943 | D:7      | Identified a scroll of acquirement {!r}
  7033 | D:8      | Reached XP level 10. HP: 91/104 MP: 13/17
  7059 | D:8      | Found a flagged portal.
  7093 | Bailey   | Entered a bailey
  7666 | Bailey   | Reached skill level 9 in Fighting
  7740 | Bailey   | Noticed a kobold demonologist
  7753 | Bailey   | Killed a kobold demonologist
  7753 | Bailey   | Reached skill level 5 in Ice Magic
  7775 | Bailey   | Noticed an orc sorcerer
  7787 | Bailey   | Noticed an orange demon
  7791 | Bailey   | Killed an orc sorcerer
  7791 | Bailey   | Reached skill level 10 in Fighting
  7887 | Bailey   | Found an iron altar of Okawaru.
  7922 | Bailey   | Found the +2 shield of Resistance {rF+ rC+ MR+}
  7922 | Bailey   | Got the +2 shield of Resistance {rF+ rC+ MR+}
  8012 | Bailey   | Reached *** piety under Wu Jian
  8417 | D:8      | Noticed Harold
  8423 | D:8      | Killed Harold
  8423 | D:8      | Reached skill level 11 in Fighting
  8423 | D:8      | Reached skill level 10 in Maces & Flails
  8688 | D:8      | Noticed Maggie
  8693 | D:8      | Reached XP level 11. HP: 53/123 MP: 18/18
  8693 | D:8      | Reached skill level 12 in Fighting
  8694 | D:8      | Killed Maggie
  9413 | D:9      | Noticed a two-headed ogre
  9422 | D:9      | Killed a two-headed ogre
  9426 | D:9      | You fall into a shaft and drop 3 floors!
  9427 | D:12     | Noticed a two-headed ogre
  9498 | D:11     | Noticed Fannar
  9547 | D:11     | Killed Fannar
  9547 | D:11     | Reached skill level 13 in Fighting
  9589 | D:10     | Entered Level 10 of the Dungeon
  9598 | D:10     | Got a heavy robe
  9609 | D:10     | Reached **** piety under Wu Jian
  9611 | D:10     | Mangled by an ogre

Illustrated notes

Levels and vault maps discovered:
D:1:      nicolae_arrival_washed_ashore, layout_rooms,
          chequers_serial_rivers_micro_d, minmay_small_reverse_x
D:2:      layout_loops_ring, marbit_many_paths
D:3:      layout_basic, eat_drink_and_be_merry_uskayaw, first_ration,
          gup_sewer_entry_bowl, grunt_ministairs_1,
          chequers_hall_statues_wall_a, uniq_grinder
D:4:      layout_loops_ring, lemuel_crystal_altar, gup_ossuary_entry_pyramid,
          uniq_crazy_yiuf_cottage
D:5:      layout_basic, minmay_temple_entry_stoned_glass, uniq_blork_the_orc
D:6:      corexii_shack_village, layout_basic, uniq_duvessa
D:7:      layout_loops_ring, serial_shops, shop, shop,
          nicolae_shop_competitors_out_of_business, kennysheep_little_box,
          grunt_livestock, minmay_manual_mail
D:8:      layout_basic, lightli_bailey_entry_fortress, sword_in_stone,
          uniq_harold, uniq_maggie
D:9:      layout_gridville, lemuel_round_altar
D:10:     layout_small_grid, grunt_lair_entry_orc_guard_hut
D:11:     layout_cave_pools, portal_ice_cave_entry_ice_beasts, minmay_radiant,
          uniq_fannar
D:12:     layout_big_octagon, david_orc_1_choice, serial_column_ruins,
          column_ruins_columns_T, column_ruins_open_tiny,
          column_ruins_columns_dead_end
Temple:   nicolae_temple_no_exploring_needed

Skill      XL: |  1  2  3  4  5  6  7  8  9 10 11 |
---------------+----------------------------------+-----
Conjurations   | 1 2 3 4 5 |  5.0
Spellcasting   | 4 5 |  5.0
Stealth        | 2 |  2.0
Maces & Flails | 1 2 4 6 8 10 11 | 11.1
Fighting       | 1 2 4 6 8 11 13 | 13.1
Ice Magic      | 2 4 5 |  5.0
Dodging        | |  1.7
Summonings     | |  0.8
Translocations | |  0.8

Action                   |  1- 3 |  4- 6 |  7- 9 | 10-12 || total
-------------------------+-------+-------+-------+-------++-------
Melee: Dagger            |    12 |       |       |       ||    12
       Giant club        |       |    67 |   334 |    26 ||   427
       Great mace        |       |       |       |   106 ||   106
 Cast: Magic Dart        |    51 |    90 |    22 |    58 ||   221
       Call Imp          |     5 |     3 |       |     1 ||     9
       Mephitic Cloud    |       |     8 |    22 |    12 ||    42
       Blink             |       |     4 |       |       ||     4
Invok: Lunge             |       |       |    20 |    12 ||    32
       Whirlwind         |       |       |       |     6 ||     6
  Use: Scroll            |       |     7 |    14 |     1 ||    22
       Potion            |       |     1 |     4 |       ||     5
 Stab: Confused          |       |     1 |     8 |     1 ||    10
       Sleeping          |       |       |     9 |       ||     9
       Distracted        |       |       |     1 |     1 ||     2
  Eat: Chunk             |       |     4 |    14 |     9 ||    27
       Ration            |       |       |     1 |       ||     1
Armor: Robe              |    40 |    27 |   143 |    35 ||   245
       Troll leather arm |       |       |     1 |       ||     1
Dodge: Dodged            |    65 |    70 |   244 |    68 ||   447

Table legend:
 A = Non-vault XP
 B = Vault XP
 C = Vault XP percentage of total XP
 D = Non-vault monster count
 E = Vault monster count
 F = Vault count percentage of total count
                 A         B        C        D         E       F
            +---------+---------+-------+---------+---------+-------
      Total |    4768 |    7482 |  61.1 |     147 |     117 |  44.3
            +---------+---------+-------+---------+---------+-------
        D:1 |      29 |       6 |  17.1 |      11 |       4 |  26.7
        D:2 |      97 |       3 |   3.0 |      29 |       1 |   3.3
        D:3 |      16 |     273 |  94.5 |       9 |       6 |  40.0
        D:4 |     236 |      57 |  19.5 |      16 |       2 |  11.1
        D:5 |     294 |      90 |  23.4 |      10 |       1 |   9.1
        D:6 |     550 |     235 |  29.9 |      14 |       5 |  26.3
        D:7 |    1179 |    1415 |  54.5 |      30 |      10 |  25.0
        D:8 |    1105 |    1859 |  62.7 |      20 |      19 |  48.7
        D:9 |    1056 |       0 |   0.0 |       4 |       0 |   0.0
       D:10 |     193 |       0 |   0.0 |       3 |       0 |   0.0
       D:11 |      13 |     912 |  98.6 |       1 |       1 |  50.0
      Sewer |       0 |     129 | 100.0 |       0 |      24 | 100.0
     Bailey |       0 |    2503 | 100.0 |       0 |      44 | 100.0
            +---------+---------+-------+---------+---------+-------
